 Dungeon Crawl Stone Soup version 0.16.2-2-g470672f (webtiles) character file.

471 monobi the Ducker (level 6, -6/47 HPs)
             Began as a Demonspawn Gladiator on Sept 3, 2015.
             Killed by nerve-wracking pain
             ... invoked by an orc priest
              (12 damage)
             ... on level 4 of the Dungeon.
             The game lasted 00:12:39 (3145 turns).

monobi the Ducker (Demonspawn Gladiator)            Turns: 3145, Time: 00:12:40

Health: -6/47      AC:  8    Str: 17    XL:     6   Next: 83%
Magic:  6/6        EV: 13    Int:  9    God:
Gold:   185        SH:  0    Dex: 14    Spells: 1 memorised, 4 levels left

rFire  . . .     SeeInvis .     m - +1 whip (elec)
rCold  + . .     Clarity  .     n - +0 ring mail
rNeg   + . .     SustAb   .     (no shield)
rPois  .         Gourm    .     c - +0 helmet
rElec  .         Spirit   .     (no cloak)
rCorr  .         Warding  +     (no gloves)
rMut   .         Stasis   .     (no boots)
MR     .....                    i - amulet of warding
Stlth  +.........               (no ring)
                                g - ring of protection from cold

@: not resistant to hostile enchantments, very unstealthy
A: yellow scales 1, foul stench 1, rot immunity
a: no special abilities


You were on level 4 of the Dungeon.
You were hungry.

You visited 1 branch of the dungeon, and saw 4 of its levels.

You collected 185 gold pieces.

Inventory:

Hand weapons
 a - a +0 war axe
 m - a +1 whip of electrocution (weapon)
Missiles
 b - 3 tomahawks of returning
 d - 3 throwing nets (quivered)
Armour
 c - a +0 helmet (worn)
 n - a +0 ring mail (worn)
Jewellery
 g - a ring of protection from cold (left hand)
 i - an amulet of warding (around neck)
Scrolls
 e - 3 scrolls of magic mapping
 h - 3 scrolls of identify
 l - a scroll of remove curse
 t - 2 scrolls of recharging
 y - a scroll of enchant armour {unknown}
Potions
 k - a potion of ambrosia {unknown}
 o - a potion of restore abilities {unknown}
 p - a potion of brilliance {unknown}
 r - a potion of degeneration {unknown}
 s - 2 potions of haste {unknown}
 u - 2 potions of curing {unknown}
 w - a potion of magic {unknown}
 z - 3 potions of mutation {unknown}
Books
 v - a book of the Sky

   Spells                             Type                      Level
   a - Flight                         Charms/Air                   3
   b - Airstrike                      Air                          4
   c - Silence                        Hexes/Air                    5
   d - Deflect Missiles               Charms/Air                   6
   e - Conjure Ball Lightning         Conjuration/Air              6
   f - Tornado                        Air                          9
 x - a book of Beasts

   Spells                             Type                      Level
   a - Summon Butterflies             Summoning                    1
   b - Call Canine Familiar           Summoning                    3
   c - Summon Ice Beast               Ice/Summoning                4
   d - Summon Mana Viper              Hexes/Summoning              5
   e - Monstrous Menagerie            Summoning                    6
   f - Summon Hydra                   Summoning                    7
Comestibles
 f - 5 bread rations
 j - 2 slices of pizza
 q - a meat ration
 A - 2 chunks of flesh


   Skills:
 + Level 3.0 Fighting
 - Level 3.1(3.5) Axes
 * Level 2.2(3.0) Maces & Flails
 + Level 2.0 Throwing
 * Level 2.7 Armour
 + Level 4.8 Dodging
 + Level 0.8 Stealth
 * Level 0.4 Summonings


You had 4 spell levels left.
You knew the following spells:

 Your Spells              Type           Power        Failure   Level  Hunger
a - Summon Butterflies    Summ           #.......     75%         1    ##.....


Dungeon Overview and Level Annotations

Branches:
Dungeon (4/15)
 Temple: D:4-7

Altars:
Cheibriados
Dithmenos
Qazlal
Xom
Zin


Innate Abilities, Weirdness & Mutations

You are partially covered in yellow scales (AC +2).
You emit a foul stench.
You are immune to rotting.


Message History

You kill the orc!
You barely miss the orc priest. The orc priest closely misses you.
You hit the orc priest but do no damage.
The orc priest mumbles some strange prayers to Beogh against you.
Pain shoots through your body!
* * * LOW HITPOINT WARNING * * *
You hit the orc priest but do no damage.
The orc priest utters an invocation to Beogh.
You feel troubled.
You hit the orc priest.
The orc priest is lightly wounded.
You hit the orc priest but do no damage.
There is a sudden explosion of sparks!
The orc priest is almost dead.
The orc priest hits you but does no damage.
You hit the orc priest but do no damage.
The orc priest is almost dead.
The orc priest invokes the aid of Beogh against you.
Pain shoots through your body!
You die...

#.# #.# *.# #.#,* *,<*,,,*,,*,
#.###.####.###.#,* *,,*,,,*,,*,
###..............#,***,,*,,,*,,**
...................,,,,,+,,,*,,**
###.###.##....##.#,***,,*,,,*,,**
##....#.##....##.#,*,,,,,,,,,,,**
##....#.##....##.#,**,,,**,*,,,**
##....#.##....##.#,**,,.,,,,,,,**
...)).#.##....##@#,##...,,,<,,,**
##.((.#.##....##o#.......*,*,,,**
...).....................,,,,,,*8
.##(.##.###...##.#.......,,,,,,**
.....##.###.............,*,*,,,**
.##.....................,,,,...#*
........................)......#*
.##............................#*
....>..............)...........#*


You could see an orc priest.

Vanquished Creatures
  The ghost of Mynnion the Skirmisher, an average MiBe of Trog (D:3)
  The ghost of monobi the Ducker, a weakling DsGl of Nemelex Xobeh (D:4)
  A giant frog zombie (D:4)
  2 orc wizards
  An iguana (D:4)
  9 adders
  2 giant geckos
  2 oozes (D:3)
  17 orcs
  A ball python (D:2)
  4 giant cockroaches
  12 hobgoblins
  9 bats
  4 giant newts
  9 goblins
  3 jackals (D:3)
  4 kobolds
  2 quokkas
  2 rats
86 creatures vanquished.

Vanquished Creatures (others)
  A butterfly (D:4)
1 creature vanquished.

Grand Total: 87 creatures vanquished

Notes
Turn   | Place    | Note
--------------------------------------------------------------
     0 | D:1      | monobi, the Demonspawn Gladiator, began the quest for the Orb.
     0 | D:1      | Reached XP level 1. HP: 16/16 MP: 1/1
   248 | D:1      | Reached skill level 3 in Dodging
   295 | D:1      | Gained mutation: You are immune to rotting. [demonic ancestry]
   295 | D:1      | Reached XP level 2. HP: 22/22 MP: 2/2
   934 | D:2      | Gained mutation: You emit a foul stench. [demonic ancestry]
   934 | D:2      | Reached XP level 3. HP: 22/27 MP: 3/3
  1148 | D:2      | Gained mutation: You are partially covered in yellow scales (AC +2). [demonic ancestry]
  1148 | D:2      | Reached XP level 4. HP: 34/34 MP: 4/4
  1643 | D:3      | Reached skill level 1 in Armour
  1668 | D:3      | Reached skill level 4 in Dodging
  1750 | D:3      | Noticed Mynnion's ghost (average MiBe)
  2106 | D:3      | Killed Mynnion's ghost
  2106 | D:3      | Reached skill level 1 in Maces & Flails
  2106 | D:3      | Reached XP level 5. HP: 32/40 MP: 5/5
  2106 | D:3      | Reached XP level 6. HP: 36/46 MP: 6/6
  2488 | D:3      | Found a stormy altar of Qazlal.
  2491 | D:3      | Found a snail-covered altar of Cheibriados.
  2495 | D:3      | Found a shadowy altar of Dithmenos.
  2503 | D:3      | Found a shimmering altar of Xom.
  2673 | D:4      | Found a glowing silver altar of Zin.
  2673 | D:4      | Noticed an angel
  2848 | D:4      | Noticed monobi's ghost (weakling DsGl)
  2867 | D:4      | Killed monobi's ghost
  3041 | D:4      | Learned a level 1 spell: Summon Butterflies
  3145 | D:4      | Killed from afar by an orc priest

Action                   |  1- 3 |  4- 6 || total
-------------------------+-------+-------++-------
Melee: War axe           |    22 |       ||    22
       Whip              |    64 |   250 ||   314
 Cast: Summon Butterflie |       |     1 ||     1
  Use: Scroll            |       |     7 ||     7
  Eat: Chunk             |     1 |     1 ||     2
       Meat ration       |       |     1 ||     1
